 Dungeon Crawl Stone Soup version 0.32-a0-994-gabb26cbae4 (webtiles) character file.

Game seed: 17659856871081820637

80 Bnni the Apothecary (level 4, -2/33 HPs)
             Began as a Formicid Alchemist on Apr 22, 2024.
             Slain by Grinder (6 damage)
             ... on level 3 of the Dungeon.
             The game lasted 00:02:19 (2088 turns).

Bnni the Apothecary (Formicid Alchemist)            Turns: 2088, Time: 00:02:20

Health: -2/33      AC:  2    Str: 12    XL:     4   Next: 65%
Magic:  3/8        EV: 11    Int: 17    God:
Gold:   136        SH:  0    Dex: 14    Spells: 7/8 levels left

rFire   . . .        j - +2 mace (venom)
rCold   . . .        (no shield)
rNeg    . . .        a - +0 robe
rPois   .            (helmet unavailable)
rElec   .            (no cloak)
rCorr   .            (no gloves)
SInv    +            (no boots)
Will    .....        (no amulet)
Stlth   ++           (no ring)
HPRegen 0.25/turn    (no ring)
MPRegen 0.11/turn

%: no passive effects
@: very slightly contaminated
A: permanent stasis, dig shafts and tunnels, antennae 3, four strong arms
a: Dig, Shaft Self


You were on level 3 of the Dungeon.
You visited 1 branch of the dungeon, and saw 3 of its levels.

You collected 136 gold pieces.

Inventory:

Hand Weapons
 j - a +2 mace of venom (weapon)
Missiles
 h - 2 poisoned darts
Armour
 a - a +0 robe (worn)
 i - a +0 ring mail
Magical Staves
 g - a staff of conjuration
Scrolls
 c - 2 scrolls of identify {unknown}
 d - a scroll of teleportation {unknown}
 e - a scroll of vulnerability {unknown}
 k - 2 scrolls of poison {unknown}
 m - a scroll of silence {unknown}
 p - a scroll of summoning {unknown}
Potions
 b - a potion of magic
 f - a potion of curing {unknown}
 l - a potion of berserk rage {unknown}
 n - a potion of brilliance {unknown}
 o - 2 potions of might {unknown}


   Skills:
 + Level 1.8 Fighting
 - Level 1.7 Dodging
 - Level 2.4 Stealth
 + Level 2.9 Spellcasting
 - Level 0.8 Conjurations
 * Level 5.6 Alchemy


You had 7 spell levels left.
You knew the following spells:

 Your Spells              Type           Power      Damage    Failure   Level
a - Sting                 Conj/Alch      52%        1d6       4%          1

Your spell library contained the following spells:

 Spells                   Type           Power      Damage    Failure   Level
 Mercury Vapours          Alch/Air       24%        N/A       9%          2
 Olgreb's Toxic Radiance  Alch           21%        N/A       17%         4
 Mephitic Cloud           Conj/Alch/Air  9%         N/A       22%         3
 Sticky Flame             Fire/Alch      12%        2d5       50%         4


Dungeon Overview and Level Annotations

Branches:
Dungeon (3/15)

Altars:

Annotations:
D:3 Grinder


Innate Abilities, Weirdness & Mutations

You cannot be hasted, slowed, berserked, paralysed or teleported.
You can dig through walls and to a lower floor.
You have a pair of large antennae on your head. (SInv)
Your four strong arms can wield two-handed weapons with a shield.


Message History

Press: ? - help, Q - select action, (/) - cycle Shift-Dir - straight line, f/p - Grinder
Aim: Grinder (lightly wounded, poisoned, 68% to hit)
The sting hits Grinder.
Grinder partially resists.
Grinder looks even sicker.
Grinder is moderately wounded.
Grinder sighs, "No one appreciates my work."
Aiming: Sting (safe; 4% risk of failure)
Press: ? - help, Q - select action, (/) - cycle Shift-Dir - straight line, f/p - Grinder
Aim: Grinder (moderately wounded, very poisoned, 68% to hit)
The sting hits Grinder.
Grinder looks even sicker.
Grinder is moderately wounded.
Grinder gestures at you. Pain shoots through your body!
Aiming: Sting (safe; 4% risk of failure)
Press: ? - help, Q - select action, (/) - cycle Shift-Dir - straight line, f/p - Grinder
Aim: Grinder (moderately wounded, very poisoned, 68% to hit)
You miscast Sting.
You are very lightly contaminated with residual magic.
Nothing appears to happen.
Grinder barely misses you.
Unknown command.
Aiming: Sting (safe; 4% risk of failure)
Press: ? - help, Q - select action, (/) - cycle Shift-Dir - straight line, f/p - Grinder
Aim: Grinder (moderately wounded, very poisoned, 68% to hit)
The sting hits Grinder but does no damage.
Grinder looks as sick as possible!
Grinder is moderately wounded.
Grinder hits you.
You writhe in agony.
* * * LOW HITPOINT WARNING * * *
Unknown command.
You hit Grinder.
Grinder looks as sick as possible!
Grinder is heavily wounded.
Grinder says, "Tell me all your secrets, or I'll kill you."
Grinder hits you but does no damage.
You hit Grinder but do no damage.
Grinder is heavily wounded.
Grinder hits you.
* * * LOW HITPOINT WARNING * * *
You writhe in agony.
You die...
Grinder says, "Now the real fun starts!"

#.# #.# #.# .^...
#.# ....##. #.#
...... #.# .#...#
#.# ##...#
#.###...##
.########........#
..........@5#..#...#
#######.###.##...# .
#<# #.# ..## #.# #.#
...# #.# #.# .#...
#.# #.# ...#.. ...
..# ## ###. { #.#
### #.#


You could see Grinder (extremely poisoned).

Vanquished Creatures
  Jessica (D:2)
  2 adders
  A dart slug (D:1)
  5 ball pythons
  6 bats
  2 endoplasms
  2 giant cockroaches (D:1)
  A goblin (D:1)
  A hobgoblin (D:2)
  A quokka (D:1)
  3 frilled lizards
  4 kobolds (D:1)
  5 rats
34 creatures vanquished.

Notes
Turn   | Place    | Note
-------+----------+-------------------------------------------
     0 | D:1      | Bnni the Formicid Alchemist began the quest for the Orb.
     0 | D:1      | Reached XP level 1. HP: 13/13 MP: 3/3
   228 | D:1      | Reached XP level 2. HP: 20/20 MP: 1/5
   531 | D:1      | Found a faded altar of an unknown god.
   629 | D:1      | Reached skill level 1 in Fighting
   823 | D:1      | Reached XP level 3. HP: 26/26 MP: 4/6
  1227 | D:2      | Reached skill level 5 in Alchemy
  1569 | D:2      | Noticed Jessica
  1572 | D:2      | Killed Jessica
  1573 | D:2      | Reached XP level 4. HP: 33/33 MP: 6/8
  2070 | D:3      | Noticed Grinder
  2088 | D:3      | Slain by Grinder

Illustrated notes

Levels and vault maps discovered:
D:1:      shiori_angband_town, layout_basic, shapermc_ecumenical_altar_venn
D:2:      layout_basic, uniq_jessica
D:3:      layout_loops_ring, ebering_ghost_rock_garden,
          minmay_misc_feat_four_crosses, uniq_grinder

Skill      XL: |  1  2  3 |
---------------+----------+-----
Fighting       | 1 |  1.8
Alchemy        | 5 |  5.6
Dodging        | |  1.7
Stealth        | |  2.4
Spellcasting   | |  2.9
Conjurations   | |  0.8

Action                     |  1- 3 |  4- 6 || total
---------------------------+-------+-------++-------
  Melee: Spear             |    24 |       ||    24
         Unarmed           |     1 |       ||     1
         Mace              |    17 |    10 ||    27
   Cast: Sting             |    24 |    11 ||    35
   Stab: Sleeping          |     4 |       ||     4
 Armour: Robe              |    21 |     7 ||    28
  Dodge: Dodged            |    26 |     8 ||    34

Table legend: (Time is in decaauts)
 A = Elapsed time spent in this place.
 B = Non-inter-level travel time spent in this place.
 C = Inter-level travel time spent in this place.
 D = Time resting spent in this place.
 E = Time spent auto-exploring this place.
 F = Levels seen in this place.
 G = Mean time per level.
                   A        B        C        D        E       F      G
               +--------+--------+--------+--------+--------+-----+--------+
         Total |   2099 |   2018 |     81 |      0 |   1704 |   3 |  699.7 |
       Dungeon |   2099 |   2018 |     81 |      0 |   1704 |   3 |  699.7 |
               +--------+--------+--------+--------+--------+-----+--------+

Top non-repeatable levels by time:
     D:1: 1110 daAuts
     D:2: 961 daAuts
     D:3: 28 daAuts
